 Dungeon Crawl Stone Soup version 0.27-a0-679-g77a6b55cf3 (webtiles) character file.

Game seed: 13220548104481178450

39 kae the Ruffian (level 3, -5/31 HPs)
             Began as a Naga Transmuter on Mar 18, 2021.
             Killed by divine providence
             ... invoked by an orc priest
              (9 damage)
             ... on level 3 of the Dungeon.
             The game lasted 00:01:06 (2181 turns).

kae the Ruffian (Naga Transmuter)                   Turns: 2181, Time: 00:01:07

Health: -5/31      AC:  2    Str: 13    XL:     3   Next: 47%
Magic:  1/6        EV: 19    Int: 13    God:
Gold:   72         SH:  0    Dex: 16    Spells: 2/6 levels left

rFire    . . .     SeeInvis +     - Unarmed
rCold    . . .     Faith    .   (shield currently unavailable)
rNeg     . . .     Spirit   .   (armour currently unavailable)
rPois    x         Reflect  .   (helmet currently unavailable)
rElec    .         Harm     .   (cloak currently unavailable)
rCorr    .         Rampage  .   (gloves currently unavailable)
Will     .....                  (no barding)
Stlth    +.........             (no amulet)
HPRegen  0.10/turn              f - ring of flight
MPRegen  0.10/turn              (no ring)

@: spider-form (expiring)
A: venomous fangs, AC +1, tiny, see invisible, (deformed body), (poison
resistance), (slowness 2), spit poison 1, (naga tail 1)
a: Spit Poison, End Transformation, Evoke Flight


You were on level 3 of the Dungeon.
You were a venomous arachnid creature.
You visited 1 branch of the dungeon, and saw 3 of its levels.

You collected 72 gold pieces.

Inventory:

Hand Weapons
 b - a +2 whip of electrocution (melded)
Armour
 a - a +0 robe (melded)
Jewellery
 f - a ring of flight (right front leg)
Scrolls
 g - a scroll of teleportation
Potions
 c - a potion of degeneration
 d - a potion of curing {unknown}


   Skills:
 + Level 1.5 Fighting
 + Level 1.8 Dodging
 * Level 3.5 Unarmed Combat
 + Level 2.2 Spellcasting
 * Level 2.5 Transmutations


You had 2 spell levels left.
You knew the following spells:

 Your Spells              Type           Power      Damage    Failure   Level
a - Beastly Appendage     Tmut           16%        N/A       22%         1
b - Spider Form           Tmut/Pois      2%         N/A       63%         3

Your spell library contained the following spells:

 Spells                   Type           Power      Damage    Failure   Level
 Wereblood                Tmut           8%         N/A       30%         2
 Magic Dart               Conj           4%         1d3       47%         1
 Blink                    Tloc           N/A        N/A       58%         2
 Call Imp                 Summ           1%         N/A       58%         2
 Slow                     Hex            1%         N/A       58%         2
 Conjure Flame            Conj/Fire      1%         6-21      78%         3
 Mephitic Cloud           Conj/Pois/Air  1%         N/A       78%         3
 Ice Form                 Ice/Tmut       4%         N/A       94%         4
 Blade Hands              Tmut           4%         N/A       98%         5


Dungeon Overview and Level Annotations

Branches:
Dungeon (2/15)

Altars:

Annotations:
D:1 exclusion: gnoll


Innate Abilities, Weirdness & Mutations

You are a venomous arachnid creature.
You have poisonous fangs.
You are tiny and dextrous.
Your spellcasting is less reliable in this form.
Your armour is entirely melded.
You are incapable of wielding weapons or throwing items.
((Your serpentine skin is tough. (AC +1)))
You have supernaturally acute eyesight. (SInv)
((Armour fits poorly on your strangely shaped body.))
((Your system is resistant to poisons. (rPois)))
((You cover ground very slowly.))
You can spit poison.
((You have a snake-like lower body.))


Message History

Press: ? - help, Q - select action, (/) - cycle Shift-Dir - straight line, f/p - orc
Aim: an orc, wielding a +1 mace of pain (moderately wounded)
The splash of poison hits the orc.
The orc is poisoned.
The orc is severely wounded.
The orc hits you with a +1 mace of pain!
Your magical contamination has completely faded away.
There are monsters nearby!
Casting: Spider Form (extremely dangerous; 41% risk of failure)
Confirm with . or Enter, or press ? or * to list all spells.
The spell is extremely dangerous to cast (41% risk of failure)!
Continue anyway? [Y]es or [N]o only, please.
The spell is extremely dangerous to cast (41% risk of failure)!
Continue anyway?
You turn into a venomous arachnid creature.
Your +2 whip of electrocution melds into your body.
Your +0 robe melds into your body.
Your +2 whip of electrocution stops crackling.
The orc hits you with a +1 mace of pain!
You hit the orc.
You kill the orc!
Your transformation is almost over.
You have got your breath back.
You hit the orc but do no damage.
The orc is poisoned.
The orc closely misses you.
You hit the orc but do no damage.
The orc looks as sick as possible!
The orc barely misses you.
You hit the orc but do no damage.
The orc is heavily wounded.
The orc misses you.
You hit the orc.
You kill the orc!
You hit the orc priest.
The orc priest is poisoned.
The orc priest is moderately wounded.
The orc priest hits you with a +2 mace of holy wrath!
* * * LOW HITPOINT WARNING * * *
You hit the orc priest.
The orc priest looks as sick as possible!
The orc priest is severely wounded.
The orc priest calls down the wrath of Beogh upon you.
Beogh smites you!
You die...

#.# #.# #.#
..$.... #[#
....... #.#
....$.. #.#
...(... #.#
....... #s#
.......
#o######.......
#.(.o.o......>.
###############


You could see an orc priest (extremely poisoned).

Vanquished Creatures
  2 dart slugs (D:1)
  A leopard gecko (D:1)
  2 orcs (D:3)
  2 hobgoblins
  3 jackals (D:1)
  2 kobolds (D:1)
  2 ball pythons (D:1)
  7 bats (D:1)
  3 frilled lizards
  4 goblins (D:1)
  4 rats (D:1)
32 creatures vanquished.

Notes
Turn   | Place    | Note
-------+----------+-------------------------------------------
     0 | D:1      | kae the Naga Transmuter began the quest for the Orb.
     0 | D:1      | Reached XP level 1. HP: 18/18 MP: 3/3
   459 | D:1      | Reached XP level 2. HP: 7/25 MP: 3/5
  1430 | D:1      | Reached XP level 3. HP: 28/31 MP: 6/6
  1441 | D:1      | Learned a level 3 spell: Spider Form
  2120 | D:2      | You fall into a shaft and drop 1 floor!
  2181 | D:3      | Killed from afar by an orc priest

Illustrated notes

Levels and vault maps discovered:
D:1:      saegor_arrival_simple_e, layout_loops_corners,
          serial_co_window_serial, co_window_of_opportunity_a,
          co_window_paths_b, co_window_paths_a, co_window_paths_a,
          co_window_paths_b, co_window_paths_a, co_window_of_opportunity_c,
          co_window_2corner, co_window_cross_2
D:2:      layout_rooms, tso_altar
D:3:      layout_basic, portal_sewer_entry_f

Action                   || total
-------------------------++-------
Melee: Unarmed           ||    65
       Headbutt          ||     7
       Whip              ||     4
 Cast: Beastly Appendage ||    17
       Spider Form       ||     1
 Abil: Spit Poison       ||    24
  Use: Scroll            ||     3
 Stab: Sleeping          ||     1
Armor: Robe              ||    16
Dodge: Dodged            ||    56

Table legend: (Time is in decaauts)
 A = Elapsed time spent in this place.
 B = Non-inter-level travel time spent in this place.
 C = Inter-level travel time spent in this place.
 D = Time resting spent in this place.
 E = Time spent auto-exploring this place.
 F = Levels seen in this place.
 G = Mean time per level.
                   A        B        C        D        E       F      G
               +--------+--------+--------+--------+--------+-----+--------+
         Total |   2585 |   2487 |     98 |     25 |   2209 |   3 |  861.7 |
       Dungeon |   2585 |   2487 |     98 |     25 |   2209 |   3 |  861.7 |
               +--------+--------+--------+--------+--------+-----+--------+

Top non-repeatable levels by time:
     D:1: 2395 daAuts
     D:2: 122 daAuts
     D:3: 67 daAuts
